 Dungeon Crawl Stone Soup version 0.21.1 (webtiles) character file.

1722 shakethe the Skirmisher (level 8, -9/84 HPs)
             Began as a Troll Monk on Feb 5, 2018.
             Was an Initiate of Ru.
             Killed by divine providence
             ... invoked by an orc priest
              (11 damage)
             ... on level 7 of the Dungeon.
             The game lasted 00:19:01 (5042 turns).

shakethe the Skirmisher (Troll Monk)                Turns: 5042, Time: 00:19:02

Health: -9/84      AC:  5    Str: 20    XL:     8   Next: 75%
Magic:  7/7        EV: 12    Int:  6    God:    Ru [......]
Gold:   285        SH:  0    Dex: 14    Spells: 7/7 levels left

rFire    . . .     SeeInvis .   y - +0 giant spiked club
rCold    . . .     Gourm    +   (shield currently unavailable)
rNeg     + . .     Faith    .   a - +0 robe
rPois    .         Spirit   .   (helmet restricted)
rElec    .         Reflect  .   (no cloak)
rCorr    .         Harm     .   (gloves unavailable)
MR       .....                  (boots unavailable)
Stlth    ..........             i - amulet of regeneration
HPRegen  1.04/turn              k - ring of positive energy
MPRegen  0.10/turn              (no ring)

@: about to teleport, drained
A: large, unfitting armour, claws 3, fast metabolism 3, gourmand, regeneration
1, shaggy fur 1, tough skin 2, no stealth
a: Renounce Religion


You were on level 7 of the Dungeon.
You worshipped Ru.
Ru was noncommittal.
You were not hungry.

You visited 2 branches of the dungeon, and saw 8 of its levels.
You also visited: Ossuary.

You collected 285 gold pieces.

Inventory:

Hand Weapons
 p - a -3 flail
 y - a +0 giant spiked club (weapon)
Armour
 a - a +0 robe (worn)
 C - a +0 robe of cold resistance
Jewellery
 i - an amulet of regeneration (around neck)
 k - a ring of positive energy (left claw)
 z - a +3 ring of dexterity {unknown}
Wands
 m - a wand of polymorph (9)
 A - a wand of digging (12)
 B - a wand of flame (22)
Scrolls
 f - 4 scrolls of identify
 h - a scroll of teleportation
 n - 2 scrolls of fear {unknown}
 r - 3 scrolls of remove curse
 s - 3 scrolls of enchant weapon {unknown}
 w - a scroll of blinking {unknown}
 x - 2 scrolls of amnesia {unknown}
Potions
 c - a potion of cancellation {unknown}
 d - a potion of magic {unknown}
 e - a potion of brilliance {unknown}
 g - 4 potions of curing {unknown}
 j - 6 potions of heal wounds {unknown}
 l - 2 potions of invisibility {unknown}
 o - 2 potions of ambrosia {unknown}
 q - 2 potions of agility {unknown}
 t - a potion of berserk rage {unknown}
 u - 2 potions of flight {unknown}
 v - a potion of mutation {unknown}
Comestibles
 b - 7 rations


   Skills:
 + Level 6.5(5.7) Fighting
 * Level 3.8(3.2) Maces & Flails
 + Level 5.2(4.5) Dodging
 - Level 5.4(4.7) Unarmed Combat


You had 7 spell levels left.
You didn't know any spells.

Dungeon Overview and Level Annotations

Branches:
Dungeon (7/15)             Temple (1/1) D:5

Altars:
Ashenzari
Cheibriados
Dithmenos
Elyvilon
Fedhas
Hepliaklqana
Kikubaaqudgha
Makhleb
Nemelex Xobeh
Okawaru
Qazlal
Ru
Sif Muna
Trog
Uskayaw
Vehumet
Wu Jian
Xom
Yredelemnul
Zin
The Shining One


Innate Abilities, Weirdness & Mutations

You are too large for most types of armour.
You have claws for hands.
Your metabolism is lightning-fast.
You like to eat raw meat.
Your natural rate of healing is unusually fast.
You are covered in fur. (AC +1)
You have very tough skin. (AC +2)
You cannot be stealthy.


Message History

The orc priest calls down the wrath of Beogh upon you.
Beogh smites you!
You barely miss the orc.
The orc warrior hits you with a hand axe!!
* * * LOW HITPOINT WARNING * * *
The orc priest closely misses you. The orc barely misses you.
The orc warrior hits you with a hand axe!
* * * LOW HITPOINT WARNING * * *
The orc priest invokes the aid of Beogh against you.
You are unaffected.
The orc misses you.
As you read the scroll of teleportation, it crumbles to dust.
You feel strangely unstable. The orc barely misses you.
The orc priest invokes the aid of Beogh against you.
Beogh smites you!
* * * LOW HITPOINT WARNING * * *
The orc warrior barely misses you.
The orc priest mumbles some strange prayers to Beogh against you.
Beogh smites you!
You die...

.......## ##..# #...#
........# #..## ##..##
........###..# #...#
...(....##..## ##...#
.......###..# #.o..#
.......##..## ##....#
......###..# #ooo..#
....####..## ##..o###
..### ##..# #.@..# ###
##.>## ##....# # #...#
##....## ## ##..##
#....(## .# #...#
##......## .####..##
##........## ..##...#
##..<.......#
...#..####...........#
......# #.(...)......#


You could see an orc warrior, 2 orc priests and 2 orcs.

Vanquished Creatures
  A hippogriff (D:7)
  Menkaure (D:4)
  A black bear (D:7)
  An orc warrior (D:7)
  A phantom (D:4)
  2 elf zombies (Ossuary)
  A bullfrog (D:6)
  4 wights (D:7)
  2 howler monkeys
  A crimson imp (D:5)
  2 hounds
  7 centaur zombies (Ossuary)
  3 human zombies (Ossuary)
  A centaur skeleton (D:4)
  A bullfrog skeleton (D:5)
  Ijyb (D:3)
  A hound zombie (D:5)
  4 mummies
  A hound skeleton (D:6)
  6 adders
  A shadow imp (D:5)
  An adder skeleton (D:5)
  2 dart slugs
  2 worms (D:3)
  4 leopard geckos
  2 orcs
  5 bats
  2 giant cockroaches
  5 hobgoblins
  10 jackals
  6 kobolds
  3 quokkas
  A ball python (D:3)
  3 frilled lizards
  12 goblins
  A jackal skeleton (D:6)
  2 quokka skeletons
  4 rats (D:1)
108 creatures vanquished.

Notes
Turn   | Place    | Note
-------+----------+-------------------------------------------
     0 | D:1      | shakethe the Troll Monk began the quest for the Orb.
     0 | D:1      | Reached XP level 1. HP: 22/22 MP: 0/0
    46 | D:1      | Reached XP level 2. HP: 28/29 MP: 1/1
   364 | D:1      | Found a shattered altar of Ashenzari.
   610 | D:2      | Reached XP level 3. HP: 26/36 MP: 2/2
   691 | D:2      | Reached skill level 3 in Fighting
   751 | D:2      | You fall through a shaft!
   833 | D:3      | Reached XP level 4. HP: 44/45 MP: 3/3
  1220 | D:3      | Noticed Ijyb
  1265 | D:3      | Killed Ijyb
  1501 | D:4      | Reached XP level 5. HP: 53/53 MP: 4/4
  1606 | D:4      | Noticed Menkaure
  1618 | D:4      | Killed Menkaure
  1618 | D:4      | Reached skill level 4 in Fighting
  1618 | D:4      | Reached XP level 6. HP: 23/62 MP: 5/5
  2320 | D:5      | Entered Level 5 of the Dungeon
  2616 | D:5      | Found a staircase to the Ecumenical Temple.
  2881 | D:5      | Found a sand-covered staircase.
  2888 | D:5      | Reached XP level 7. HP: 66/71 MP: 6/6
  2893 | Ossuary  | Entered an ossuary
  2910 | Ossuary  | Reached skill level 5 in Fighting
  3020 | Ossuary  | Reached skill level 5 in Unarmed Combat
  3086 | Ossuary  | Reached XP level 8. HP: 68/83 MP: 7/7
  3273 | Temple   | Entered the Ecumenical Temple
  3343 | Temple   | Became a worshipper of Ru the Awakened
  3349 | Temple   | Gained mutation: You cannot be stealthy. [Ru sacrifice]
  4015 | D:6      | Reached skill level 6 in Fighting
  4015 | D:6      | Reached skill level 1 in Maces & Flails
  4595 | D:7      | Noticed a hippogriff
  4606 | D:7      | Killed a hippogriff
  4775 | D:7      | Reached skill level 5 in Dodging
  5041 | D:7      | HP: 1/84 [orc priest/divine providence (12)]
  5042 | D:7      | Killed from afar by an orc priest

Skill      XL: |  1  2  3  4  5  6  7  8 |
---------------+-------------------------+-----
Fighting       | 3 4 5 6 |  6.5
Dodging        | 3 4 5 |  5.2
Unarmed Combat | 4 5 |  5.4
Stealth        | 0 |  0.0
Maces & Flails | 3 |  3.8

Action                   |  1- 3 |  4- 6 |  7- 9 || total
-------------------------+-------+-------+-------++-------
Melee: Unarmed           |    79 |   113 |    90 ||   282
       Punch             |     1 |     4 |     4 ||     9
       Giant spiked club |       |       |   105 ||   105
Invok: Sacrifice Stealth |       |       |     1 ||     1
  Use: Scroll            |       |     3 |     1 ||     4
 Stab: Confused          |       |     2 |       ||     2
       Sleeping          |       |     2 |       ||     2
  Eat: Chunk             |    12 |     9 |    11 ||    32
       Ration            |       |     1 |     3 ||     4
Armor: Robe              |    34 |    48 |    71 ||   153
Dodge: Dodged            |    59 |    79 |   188 ||   326
